Map: Oxide LE

Players

Future - Winner!

  • Race: Terran Terran
  • Spawn Location: 1:00

DisK

  • Race: Protoss Protoss
  • Spawn Location: 7:00

Event: DreamHack SC2 Masters 2020 Winter

VOD

Have the link to the VOD?

Description

Time

  • Played on: Oct. 28, 2020, 4:16 p.m.
  • Length: 7:15

All games in this series

Show
View Real Time Build Order
Export as new Build Order

Future Terran - Winner!

Build Orders: Reaper Expand 

Get SALT Encoding   

  12  0:00  SCV  
  13  0:12  SCV  
  14  0:17  Supply Depot  
  14  0:24  SCV  
  15  0:39  SCV  
  15  0:40  Barracks  
  16  0:44  Refinery  
  16  0:51  SCV  
  17  1:03  SCV  
  18  1:15  SCV  
  19  1:27  Orbital Command, Reaper  
  20  1:41  Command Center  
  20  1:49  Supply Depot  
  20  1:53  SCV  
  21  1:59  Marine  
  22  2:05  SCV  
  23  2:09  Factory  
  23  2:17  SCV, Bunker  
  24  2:23  Barracks Reactor  
  24  2:29  SCV  
  25  2:35  Refinery  
  24  2:41  SCV  
  25  2:53  SCV, Orbital Command, Hellion  
  25  2:57  Starport  
  28  3:00  Marine x2  
  30  3:05  SCV  
  31  3:14  Factory Tech Lab  
  31  3:18  SCV  
  31  3:19  SCV, Marine x2  
  35  3:23  Barracks  
  35  3:30  SCV  
  35  3:31  SCV  
  37  3:36  Barracks  
  37  3:43  SCV x2  
  37  3:46  Supply Depot  
  37  3:47  Raven, Factory Tech Lab  
  41  3:49  Marine  
  41  3:50  Marine  
  41  3:55  SCV x2  
  45  4:00  Supply Depot  
  45  4:07  SCV  
  45  4:08  SCV  
  45  4:09  Marine x2  
  46  4:10  Engineering Bay  
  47  4:19  SCV, Stimpack  
  47  4:20  SCV  
  47  4:22  Supply Depot  
  49  4:30  Marine x2, Refinery  
  51  4:31  SCV  
  51  4:32  SCV  
  51  4:36  Factory Reactor  
  53  4:41  Supply Depot  
  53  4:43  SCV, Terran Infantry Weapons Level 1  
  53  4:44  SCV, Starport Reactor  
  55  4:46  Supply Depot  
  55  4:48  Marine x2  
  55  4:49  Marine  
  55  4:50  Marine  
  59  4:55  SCV  
  59  4:56  SCV  
  59  4:57  Refinery  
  59  4:58  Combat Shield  
  61  5:06  Marine x2  
  65  5:07  Marauder  
  65  5:08  Marauder, Supply Depot  
  65  5:10  SCV  
  65  5:11  SCV  
  69  5:14  Widow Mine  
  69  5:15  Widow Mine  
  69  5:19  Supply Depot  
  73  5:25  Marine x2  
  73  5:28  Marine  
  76  5:29  Marine  
  76  5:30  Medivac  
  76  5:33  Medivac  
  76  5:34  Supply Depot  
  81  5:37  Widow Mine  
  81  5:38  Widow Mine  
  85  5:44  Marine x2, Supply Depot  
  85  5:46  Marauder  
  85  5:47  Marauder  
  91  6:01  Medivac  
  91  6:02  Marine x2  
  94  6:08  Marauder  
  94  6:09  Marauder  
  98  6:15  Supply Depot  
  98  6:16  Supply Depot  
  98  6:26  Marine x2  
  98  6:28  Command Center  
  98  6:29  Marauder, Medivac  
  98  6:30  Marauder  
  98  6:31  Medivac  
  108  6:35  SCV x2  
  110  6:40  Widow Mine x2  
  112  6:53  Marauder x2  
  109  6:54  Marine x2  
  109  6:59  SCV  
  109  7:00  SCV  
  112  7:03  Barracks  
  112  7:04  Barracks  
Show
View Real Time Build Order
Export as new Build Order

DisK Protoss 

Build Orders: 1 Gate Expand, Blink Stalkers 

Get SALT Encoding   

  12  0:00  Probe  
  13  0:12  Probe  
  14  0:17  Pylon  
  14  0:24  Probe  
  15  0:35  Gateway  
  15  0:36  Probe (Chrono Boost)  
  16  0:46  Assimilator, Probe (Chrono Boost)  
  17  0:51  Probe (Chrono Boost)  
  18  1:03  Probe  
  19  1:22  Cybernetics Core  
  19  1:31  Nexus  
  19  1:37  Pylon  
  19  1:43  Probe  
  20  1:47  Assimilator  
  20  1:55  Probe  
  20  1:56  Adept (Chrono Boost)  
  20  2:00  Warp Gate  
  23  2:07  Probe  
  24  2:18  Stalker  
  26  2:27  Probe  
  27  2:39  Twilight Council, Probe (Chrono Boost)  
  27  2:43  Probe (Chrono Boost)  
  29  2:49  Stalker  
  29  2:51  Probe (Chrono Boost)  
  32  2:53  Probe (Chrono Boost)  
  32  2:55  Probe (Chrono Boost)  
  34  3:00  Gateway, Probe  
  35  3:06  Probe  
  35  3:12  Blink (Chrono Boost)  
  36  3:13  Probe  
  38  3:20  Probe (Chrono Boost)  
  38  3:25  Probe (Chrono Boost)  
  38  3:26  Pylon  
  41  3:35  Probe (Chrono Boost)  
  41  3:36  Probe (Chrono Boost)  
  41  3:39  Robotics Facility  
  41  3:40  Probe (Chrono Boost)  
  41  3:43  Probe  
  41  3:47  Stalker  
  43  3:51  Probe  
  43  3:55  Probe  
  45  4:03  Probe  
  45  4:04  Nexus  
  45  4:06  Pylon  
  46  4:10  Sentry  
  46  4:12  Probe  
  46  4:14  Assimilator  
  46  4:15  Probe  
  50  4:18  Stalker  
  52  4:26  Pylon, Probe  
  52  4:27  Probe  
  52  4:28  Observer  
  55  4:35  Stalker  
  55  4:38  Probe  
  58  4:39  Probe  
  58  4:45  Forge  
  59  4:47  Gateway  
  59  4:49  Gateway  
  59  4:51  Probe x2  
  59  4:52  Observer  
  62  4:57  Charge  
  62  5:01  Stalker, Pylon  
  62  5:03  Probe  
  62  5:06  Assimilator  
  65  5:09  Probe  
  66  5:16  Probe (Chrono Boost)  
  66  5:19  Probe (Chrono Boost)  
  68  5:26  Probe (Chrono Boost)  
  70  5:31  Zealot x2, Probe (Chrono Boost)  
  70  5:33  Probe (Chrono Boost)  
  76  5:36  Gateway  
  76  5:37  Probe x2 (Chrono Boost)  
  76  5:38  Gateway  
  76  5:39  Probe (Chrono Boost)  
  78  5:45  Shield Battery  
  78  5:46  Observer, Probe x2  
  80  5:53  Stalker x2  
  80  5:54  Observer  
  80  5:56  Observer  
  82  6:01  Probe x2  
  84  6:05  Gateway, Probe  
  84  6:06  Gateway  
  84  6:10  Zealot  
  87  6:13  Probe x2  
  87  6:14  Zealot  
  91  6:20  Zealot  
  91  6:24  Zealot  
  92  6:26  Pylon  
  92  6:28  Pylon  
  92  6:29  Shield Battery  
  92  6:41  Probe  
  92  6:44  Probe x2  
  92  6:47  Zealot x3  
  93  6:48  Zealot x3  
  81  7:01  Zealot x2  
  80  7:07  Zealot x2  
Tags
 
Add a new tag
Caveats
  • Supply blocks, unpowered buildings, or Contaminate may cause inaccurate times.
  • Supply counts are checked every 10 seconds.